 Dungeon Crawl Stone Soup version 0.25-a0-44-g29a1220a87 (webtiles) character file.

Game seed: 11289484263897819615, levelgen mode: deterministic

191 DavidChitty2 the Firebug (level 5, -7/30 HPs)
             Began as a Deep Elf Fire Elementalist on Oct 24, 2019.
             Was an Initiate of Vehumet.
             Mangled by an ogre
             ... wielding a +0 giant club
              (25 damage)
             ... on level 4 of the Dungeon.
             The game lasted 00:10:27 (4269 turns).

DavidChitty2 the Firebug (DEFE)                     Turns: 4269, Time: 00:10:28

Health: -7/30      AC:  3    Str:  5    XL:     5   Next: 41%
Magic:  13/13      EV: 12    Int: 21    God:    Vehumet [......]
Gold:   141        SH:  0    Dex: 15    Spells: 1/12 levels left

rFire    . . .     SeeInvis .   b - +0 spear
rCold    . . .     Gourm    .   (no shield)
rNeg     + . .     Faith    .   s - +0 leather armour {MR+}
rPois    .         Spirit   .   (no helmet)
rElec    .         Reflect  .   (no cloak)
rCorr    .         Harm     .   (no gloves)
MR       +....                  (no boots)
Stlth    ++........             (no amulet)
HPRegen  0.10/turn              g - ring of positive energy
MPRegen  0.13/turn              (no ring)

@: no status effects
A: no striking features
a: Renounce Religion


You were on level 4 of the Dungeon.
You worshipped Vehumet.
Vehumet was noncommittal.
You were not hungry.

You visited 1 branch of the dungeon, and saw 4 of its levels.

You collected 141 gold pieces.

Inventory:

Hand Weapons
 a - a +0 dagger
   (You found it on level 1 of the Dungeon)
 b - a +0 spear (weapon)
   (You found it on level 3 of the Dungeon)
Missiles
 h - 73 stones
 j - 12 poisoned darts (quivered)
Armour
 s - a +0 leather armour of magic resistance (worn)
   (You took it off a goblin on level 2 of the Dungeon)
 t - a +0 leather armour of fire resistance
   (You found it on level 2 of the Dungeon)
Jewellery
 g - a ring of positive energy (left hand)
   (You found it on level 1 of the Dungeon)
Wands
 x - a wand of acid (8)
   (You found it on level 4 of the Dungeon)
Scrolls
 c - a scroll of teleportation {@r4}
 i - a scroll of fog
Potions
 d - a potion of invisibility {unknown}
 f - a potion of degeneration {unknown}
 k - 2 potions of curing {@q1}
 m - a potion of agility
 o - 2 potions of heal wounds {@q2}
 p - a potion of might
 r - a potion of magic
Comestibles
 e - 7 rations {!d}


   Skills:
 + Level 1.8 Fighting
 - Level 2.4 Dodging
 - Level 2.4 Stealth
 + Level 4.2 Spellcasting
 + Level 2.6 Conjurations
 * Level 4.9 Fire Magic


You had one spell level left.
You knew the following spells:

 Your Spells              Type           Power        Failure   Level  Hunger
a - Flame Tongue          Conj/Fire      ###..        4%          1    None
b - Fireball              Conj/Fire      ###.......   75%         5    ######.
d - Conjure Flame         Conj/Fire      ###.....     12%         3    ##.....
x - Throw Flame           Conj/Fire      ###...       6%          2    #......

Your spell library contained the following spells:

 Spells                   Type           Power        Failure   Level  Hunger
 Inner Flame              Hex/Fire       ##......     22%         3    ##.....
 Sticky Flame             Conj/Fire      ###.....     38%         4    ####...


Dungeon Overview and Level Annotations

Branches:
Dungeon (4/15)
 Temple: D:4-7

Altars:
Kikubaaqudgha
Nemelex Xobeh
Vehumet
Wu Jian
Xom

Annotations:
D:4 Menkaure


Message History

There is a stone staircase leading up here.
Okay, then.
Okay, then.
You see here a robe.
Found 14 gold pieces and a sedimented orange potion.
Found a twisted lead wand.
Found a stone staircase leading up.
d - a sedimented orange potion
x - a wand of acid (8)
You now have 141 gold pieces (gained 14).
Found a chain mail.
Found a ration.
e - 7 rations {!d} (gained 1)
Found 16 stones.
Found a stone staircase leading down.
An ogre and Menkaure come into view.
Menkaure shouts!
The ogre shouts!
Menkaure calls on the powers of darkness!
Your body is wracked with pain!
The ogre convulses!
Found a scroll of magic mapping.
The fire ignites!
Menkaure gestures wildly while chanting.
Menkaure seems to speed up.
Your magical contamination has completely faded away.
There is a stone staircase leading up here.
You climb upwards.
All of the chunks of flesh in your inventory have rotted away.
There is a stone staircase leading down here.
You start resting.
You start resting.
You see here 6 atropa-tipped darts.
You see here 6 atropa-tipped darts.
Okay, then.
There is a stone staircase leading down here.
You climb downwards.
Level annotation: Menkaure The ogre closely misses you.
There is a stone staircase leading up here.
Menkaure casts a spell.
Menkaure seems to speed up.
You see here a chain mail.
Aim: an ogre, wielding a +0 giant club
Okay, then.
There is a stone staircase leading down here.
Menkaure calls on the powers of darkness!
The ogre convulses!
Your body is wracked with pain!
Menkaure grins.
There is a stone staircase leading up here.
The ogre hits you with a +0 giant club!!
Ouch! That really hurt!
You die...

... .. .# .# .#
.######
...[..##############
#####......>.......#
.....#########MO@..#
.............[.....#
.......#######.....#
.......# #.....#
.......# #######
.......# .......#
.......# ......##


You could see an ogre and Menkaure.

Vanquished Creatures
  A scorpion (D:3)
  4 adders
  4 worms (D:3)
  4 dart slugs
  2 leopard geckos
  5 orcs (D:3)
  5 bats
  4 giant cockroaches
  12 goblins
  10 hobgoblins
  3 jackals (D:1)
  4 kobolds
  3 quokkas
  A ball python (D:1)
  5 frilled lizards
  8 rats
75 creatures vanquished.

Notes
Turn   | Place    | Note
-------+----------+-------------------------------------------
     0 | D:1      | DavidChitty2 the Deep Elf Fire Elementalist began the quest
                  | for the Orb.
     0 | D:1      | Reached XP level 1. HP: 10/10 MP: 6/6
   154 | D:1      | Reached XP level 2. HP: 16/16 MP: 4/8
   192 | D:1      | Learned a level 2 spell: Throw Flame
  1221 | D:1      | Reached XP level 3. HP: 20/20 MP: 6/9
  1253 | D:1      | Learned a level 3 spell: Conjure Flame
  1421 | D:2      | Found a shimmering altar of Xom.
  1473 | D:2      | Reached skill level 1 in Fighting
  1629 | D:2      | Found a radiant altar of Vehumet.
  1633 | D:2      | Found a sparkling altar of Nemelex Xobeh.
  1638 | D:2      | Became a worshipper of Vehumet
  1705 | D:2      | Found a faded altar of an unknown god.
  1797 | D:2      | Reached XP level 4. HP: 19/25 MP: 4/11
  2134 | D:2      | Found an ornate altar of the Wu Jian Council.
  3209 | D:3      | Reached XP level 5. HP: 29/29 MP: 3/13
  3286 | D:3      | Learned a level 5 spell: Fireball
  3997 | D:3      | Found an ancient bone altar of Kikubaaqudgha.
  4110 | D:4      | Noticed Menkaure
  4110 | D:4      | Noticed an ogre
  4269 | D:4      | Mangled by an ogre

Levels and vault maps discovered:
D:1:      minmay_arrival_solitary_statue, layout_basic
D:2:      layout_basic, xom_teletrap_fun, lemuel_crystal_altar,
          grunt_temple_overflow_open, chequers_ecumenical_altar_island
D:3:      layout_loops_ring, nicolae_overflow_hidden_temple
D:4:      layout_rooms, uniq_menkaure, uniq_duvessa, uniq_blork_the_orc

Skill      XL: |  1  2  3  4 |
---------------+-------------+-----
Fire Magic     | 4 |  4.9
Fighting       | 1 |  1.8
Conjurations   | 2 |  2.6
Spellcasting   | 4 |  4.2
Dodging        | |  2.4
Stealth        | |  2.4

Action                   |  1- 3 |  4- 6 || total
-------------------------+-------+-------++-------
Melee: Spear             |       |    35 ||    35
Throw: Dart              |     7 |    11 ||    18
 Cast: Flame Tongue      |    35 |    16 ||    51
       Throw Flame       |    26 |    43 ||    69
       Conjure Flame     |       |     7 ||     7
  Use: Scroll            |       |    11 ||    11
  Eat: Chunk             |     3 |     9 ||    12
Armor: Robe              |     2 |       ||     2
       Leather armour    |       |     1 ||     1
Dodge: Dodged            |    10 |    10 ||    20

Table legend:
 A = Non-vault XP
 B = Vault XP
 C = Vault XP percentage of total XP
 D = Non-vault monster count
 E = Vault monster count
 F = Vault count percentage of total count
                 A         B        C        D         E       F
            +---------+---------+-------+---------+---------+-------
      Total |     273 |       0 |   0.0 |      75 |       0 |   0.0
            +---------+---------+-------+---------+---------+-------
        D:1 |      41 |       0 |   0.0 |      24 |       0 |   0.0
        D:2 |      76 |       0 |   0.0 |      22 |       0 |   0.0
        D:3 |     156 |       0 |   0.0 |      29 |       0 |   0.0
            +---------+---------+-------+---------+---------+-------
